 Dungeon Crawl Stone Soup version 0.21.1-1-g345015f (webtiles) character file.

189 Fang the Chopper (level 5, -7/49 HPs)
             Began as a Gargoyle Berserker on June 5, 2018.
             Was a Believer of Trog.
             Mangled by CougarLife's ghost (10 damage)
             ... on level 4 of the Dungeon.
             The game lasted 00:02:47 (3460 turns).

Fang the Chopper (Gargoyle Berserker)               Turns: 3460, Time: 00:02:48

Health: -7/49      AC:  6    Str: 26    XL:     5   Next: 68%
Magic:  5/5        EV: 12    Int:  8    God:    Trog [**....]
Gold:   252        SH:  0    Dex:  9    Spells: 4/4 levels left

rFire    . . .     SeeInvis .   a - +0 hand axe
rCold    . . .     Gourm    .   (no shield)
rNeg     + . .     Faith    .   b - +0 animal skin
rPois    ∞         Spirit   .   (no helmet)
rElec    +         Reflect  .   (no cloak)
rCorr    .         Harm     .   (no gloves)
MR       +....                  (no boots)
Stlth    ..........             (no amulet)
HPRegen  0.16/turn              l - ring of protection from magic
MPRegen  0.09/turn              (no ring)

@: berserking (expiring), very quick
A: negative energy resistance 1, electricity resistance, unbreathing,
petrification resistance, rot immunity, AC +4
a: Berserk, Trog's Hand, Burn Spellbooks, Renounce Religion


You were on level 4 of the Dungeon.
You worshipped Trog.
Trog was pleased with you.
You were hungry.

You visited 1 branch of the dungeon, and saw 4 of its levels.

You collected 252 gold pieces.

Inventory:

Hand Weapons
 a - a +0 hand axe (weapon)
Armour
 b - a +0 animal skin (worn)
Jewellery
 l - a ring of protection from magic (left hand)
Scrolls
 d - 2 scrolls of random uselessness {unknown}
 g - 2 scrolls of magic mapping {unknown}
 h - a scroll of immolation {unknown}
 i - a scroll of enchant armour {unknown}
 k - 2 scrolls of remove curse {unknown}
 n - a scroll of teleportation {unknown}
 o - a scroll of identify {unknown}
 s - a scroll of fear {unknown}
Potions
 e - a potion of agility {unknown}
 f - 2 potions of haste {unknown}
 j - a potion of cancellation {unknown}
 m - a potion of curing {unknown}
 p - a potion of brilliance {unknown}
 q - a potion of heal wounds {unknown}
 r - a potion of mutation {unknown}
Comestibles
 c - 6 rations


   Skills:
 + Level 4.1 Fighting
 + Level 4.4 Axes
 + Level 2.3 Armour
 + Level 2.5 Dodging
 + Level 1.1 Stealth


You had 4 spell levels left.
You didn't know any spells.

Dungeon Overview and Level Annotations

Branches:
Dungeon (4/15)
 Temple: D:4-7

Altars:

Annotations:
D:4 CougarLife's ghost, amateur GrFi


Innate Abilities, Weirdness & Mutations

You are resistant to torment.
Your stone body is resilient. (AC +4)
You are immune to poison.
You resist negative energy. (rN+)
You are resistant to electric shocks. (rElec)
You can survive without breathing.
You are immune to petrification.
You are immune to rotting.


Message History

* * * LOW HITPOINT WARNING * * *
You barely miss CougarLife's ghost.
CougarLife's ghost is moderately damaged.
You hit CougarLife's ghost but do no damage.
CougarLife's ghost is moderately damaged.
CougarLife's ghost barely misses you.
You slash CougarLife's ghost!
CougarLife's ghost is heavily damaged.
CougarLife's ghost hits you.
* * * LOW HITPOINT WARNING * * *
You hit CougarLife's ghost but do no damage.
CougarLife's ghost is heavily damaged.
CougarLife's ghost hits you.
* * * LOW HITPOINT WARNING * * *
You hit CougarLife's ghost but do no damage.
CougarLife's ghost is heavily damaged.
You hit CougarLife's ghost.
CougarLife's ghost is severely damaged.
CougarLife's ghost hits you!
You die...

.###..#.)#.....#..
###..
.##..##...####...#
##.
....###....###.##
#.
...............#
#. ######......###
#. #......# ##
#......## #
###.)...##### #
#...W@....... #
###.####.###### #
#...# ..# # #o###
#... #........#
###.
.......W....(o. ..
##.......#..### #
#.......##...
#.......# ##..


You could see CougarLife's ghost.

Vanquished Creatures
  An orc priest (D:4)
  A centaur skeleton (D:4)
  5 adders
  An ooze (D:3)
  2 worms
  A dart slug (D:1)
  A leopard gecko (D:2)
  10 orcs
  A giant cockroach (D:1)
  5 goblins
  9 hobgoblins
  4 jackals (D:3)
  3 quokkas (D:2)
  5 bats
  A frilled lizard (D:1)
  7 kobolds
  4 rats
61 creatures vanquished.

Notes
Turn   | Place    | Note
-------+----------+-------------------------------------------
     0 | D:1      | Fang the Gargoyle Berserker began the quest for the Orb.
     0 | D:1      | Reached XP level 1. HP: 14/14 MP: 1/1
   593 | D:1      | Reached XP level 2. HP: 17/19 MP: 2/2
  1233 | D:2      | Reached XP level 3. HP: 24/24 MP: 3/3
  1765 | D:2      | Reached ** piety under Trog
  1846 | D:2      | Reached XP level 4. HP: 22/29 MP: 4/4
  2981 | D:3      | Reached skill level 1 in Stealth
  2981 | D:3      | Reached XP level 5. HP: 22/33 MP: 5/5
  3436 | D:4      | Noticed CougarLife's ghost (amateur GrFi)
  3460 | D:4      | Mangled by CougarLife's ghost

Skill      XL: |  1  2  3  4 |
---------------+-------------+-----
Axes           | 3 4 |  4.4
Dodging        | 2 |  2.5
Fighting       | 4 |  4.1
Stealth        | 1 |  1.1
Armour         | |  2.3

Action                   |  1- 3 |  4- 6 || total
-------------------------+-------+-------++-------
Melee: Hand axe          |   112 |   100 ||   212
Invok: Berserk           |       |     2 ||     2
 Stab: Sleeping          |     2 |       ||     2
  Eat: Chunk             |     2 |     4 ||     6
       Ration            |       |     1 ||     1
Armor: Animal skin       |    46 |    32 ||    78
Dodge: Dodged            |    71 |    66 ||   137
